 Dungeon Crawl Stone Soup version 0.28-a0-823-gb444dcf96d (webtiles) character file.

Game seed: 1740296050310555628

7 ytrimaz the Firebug (level 1, 0/14 HPs)
             Began as a Demigod Fire Elementalist on Nov 10, 2021.
             Slain by a rat (2 damage)
             ... on level 1 of the Dungeon.
             The game lasted 00:00:57 (548 turns).

ytrimaz the Firebug (Demigod Fire Elementalist)      Turns: 548, Time: 00:00:58

Health: 0/14       AC:  2    Str:  9    XL:     1   Next: 73%
Magic:  2/5        EV: 12    Int: 17    God:
Gold:   0          SH:  0    Dex: 14    Spells: 2/3 levels left

rFire   . . .      SeeInvis .   (no weapon)
rCold   . . .      Faith    .   (no shield)
rNeg    . . .      Spirit   .   a - +0 robe
rPois   .          Reflect  .   (no helmet)
rElec   .          Harm     .   (no cloak)
rCorr   .          Rampage  .   (no gloves)
Will    .....                   (no boots)
Stlth   ++........              (no amulet)
HPRegen 0.04/turn               (no ring)
MPRegen 0.09/turn               (no ring)

@: no status effects
A: high mp 1, forlorn
a: no special abilities


You were on level 1 of the Dungeon.
You visited 1 branch of the dungeon, and saw 1 of its levels.

Inventory:

Armour
 a - a +0 robe (worn)


   Skills:
 + Level 1.8 Dodging
 - Level 1.7 Stealth
 + Level 1.9 Spellcasting
 * Level 1.1 Conjurations
 + Level 2.9 Fire Magic


You had 2 spell levels left.
You knew the following spells:

 Your Spells              Type           Power      Damage    Failure   Level
a - Foxfire               Conj/Fire      32%        2x1d5     9%          1

Your spell library contained the following spells:

 Spells                   Type           Power      Damage    Failure   Level
 Scorch                   Fire           22%        2d6       9%          2
 Conjure Flame            Conj/Fire      8%         6-21      26%         3
 Inner Flame              Hex/Fire       6%         N/A       32%         3
 Flame Wave               Conj/Fire      8%         3d4       63%         4


Dungeon Overview and Level Annotations

Branches:
Dungeon (1/15)


Innate Abilities, Weirdness & Mutations

Your attributes grow dramatically as you level up.
You have an increased reservoir of magic. (+10% MP)
You shall have no god before yourself.


Message History

Nothing appears to happen.
The foxfire hits the jackal.
The jackal is almost dead.
The foxfire hits the jackal.
You kill the jackal!
The jackal bites you.
The foxfire hits the jackal but does no damage.
The jackal misses you.
You conjure some foxfire!
The jackal misses you. The jackal barely misses you.
You miscast Foxfire.
Nothing appears to happen.
The foxfire hits the jackal.
The jackal is lightly wounded.
The foxfire hits the jackal but does no damage.
The jackal is lightly wounded.
The jackal bites you. x2; The jackal barely misses you.
The jackal bites you. The jackal closely misses you.
The jackal bites you but does no damage.
As you read the scroll labelled SUROAVVOALI, it crumbles to dust.
Your body is wracked with pain!
The jackal convulses! x2
It was a scroll of torment.
The jackal misses you. The jackal barely misses you. The jackal misses you.
Your magical contamination has completely faded away.
The jackal completely misses you. The jackal bites you.
* * * LOW HITPOINT WARNING * * *
The jackal barely misses you. The jackal completely misses you.
A rat comes into view.
You stumble into a teleport trap!
You are suddenly yanked towards some nearby monsters!
Your surroundings suddenly seem different.
A kobold comes into view. It is wielding a +0 short sword.
The rat closely misses you.
Unknown command.
You aren't carrying any potions.
You aren't carrying any scrolls.
You are too injured to fight recklessly!
Casting: Foxfire (safe; 9% risk of failure)
Confirm with . or Enter, or press ? or * to list all spells.
You conjure some foxfire!
The rat bites you.
You die...

##### #####.#.#
......vv# #@#
#r# # #.#
#.##.#.#
#......########
....#..........#
...............#
#.............#
#.............#


You could see a rat (ally target).

Vanquished Creatures
  3 ball pythons (D:1)
  A giant cockroach (D:1)
  A jackal (D:1)
  A bat (D:1)
  A frilled lizard (D:1)
  A kobold (D:1)
8 creatures vanquished.

Vanquished Creatures (others)
  34 foxfires (D:1)
34 creatures vanquished.

Grand Total: 42 creatures vanquished

Notes
Turn   | Place    | Note
-------+----------+-------------------------------------------
     0 | D:1      | ytrimaz the Demigod Fire Elementalist began the quest for
                  | the Orb.
     0 | D:1      | Reached XP level 1. HP: 14/14 MP: 5/5
   209 | D:1      | Reached skill level 1 in Conjurations
   548 | D:1      | Slain by a rat

Illustrated notes

Levels and vault maps discovered:
D:1:      lordsloth_arrival_two_stooges, layout_basic, dk_noncrumbling_3,
          amethyst_killhole, minmay_pentomino_z4

Skill      XL: |  1 |
---------------+----+-----
Conjurations   | 1 |  1.1
Dodging        | |  1.8
Stealth        | |  1.7
Spellcasting   | |  1.9
Fire Magic     | |  2.9

Action                   || total
-------------------------++-------
Melee: Unarmed           ||     2
 Cast: Foxfire           ||    22
  Use: Scroll            ||     1
Armor: Robe              ||     1
Dodge: Dodged            ||    16

Table legend: (Time is in decaauts)
 A = Elapsed time spent in this place.
 B = Non-inter-level travel time spent in this place.
 C = Inter-level travel time spent in this place.
 D = Time resting spent in this place.
 E = Time spent auto-exploring this place.
 F = Levels seen in this place.
 G = Mean time per level.
                   A        B        C        D        E       F      G
               +--------+--------+--------+--------+--------+-----+--------+
         Total |    548 |    548 |      0 |      0 |    438 |   1 |  548.0 |
       Dungeon |    548 |    548 |      0 |      0 |    438 |   1 |  548.0 |
               +--------+--------+--------+--------+--------+-----+--------+

Top non-repeatable levels by time:
     D:1: 548 daAuts
